 Dungeon Crawl Stone Soup version 0.30-a0-140-gd1020e658a (webtiles) character file.

Game seed: 7443552456899739208

70 jlumianski the Chopper (level 4, -2/27 HPs)
             Began as a Gargoyle Gladiator on Sept 24, 2022.
             Slain by a hell rat (10 damage)
             ... in a sewer.
             The game lasted 00:07:50 (2136 turns).

jlumianski the Chopper (Gargoyle Gladiator)         Turns: 2136, Time: 00:07:51

Health: -2/27      AC:  7    Str: 20    XL:     4   Next: 21%
Magic:  4/4        EV: 12    Int:  8    God:
Gold:   81         SH:  0    Dex: 11    Spells: 3/3 levels left

rFire   . . .      SeeInvis .    a - +0 war axe
rCold   . . .      Faith    .    (no shield)
rNeg    + . .      Spirit   .    b - +0 leather armour
rPois   ∞          Reflect  .    c - +0 helmet
rElec   +          Harm     .    (no cloak)
rCorr   .          Rampage  .    (no gloves)
Will    .....                    (no boots)
Stlth   +.........               (no amulet)
HPRegen 0.09/turn                (no ring)
MPRegen 0.09/turn                (no ring)

@: no status effects
A: sickness immunity, AC +3, negative energy resistance 1, electricity
resistance, torment resistance 1, petrification resistance
a: no special abilities


You were in a sewer.
You visited 1 branch of the dungeon, and saw 3 of its levels.
You also visited: Sewer.

You collected 81 gold pieces.

Inventory:

Hand Weapons
 a - a +0 war axe (weapon)
Missiles
 d - 3 throwing nets (quivered)
 e - a javelin
Armour
 b - a +0 leather armour (worn)
 c - a +0 helmet (worn)
Scrolls
 g - a scroll of magic mapping {unknown}
 h - 3 scrolls of blinking {unknown}
 i - a scroll of identify {unknown}
 j - a scroll of silence {unknown}
 k - 3 scrolls of enchant armour {unknown}
Potions
 f - a potion of haste {unknown}


   Skills:
 + Level 2.7 Fighting
 + Level 3.8 Axes
 + Level 1.7 Throwing
 + Level 1.0 Armour
 + Level 2.7 Dodging
 + Level 0.3 Stealth


You had 3 spell levels left.
You didn't know any spells.
Your spell library was empty.

Dungeon Overview and Level Annotations

Branches:
Dungeon (3/15)              Sewer (1/1)

Altars:


Innate Abilities, Weirdness & Mutations

You are immune to sickness and miasma.
Your stone body is resilient. (AC +3)
You are immune to poison.
You resist negative energy. (rN+)
You are resistant to electric shocks. (rElec)
You are resistant to unholy torment.
You are immune to petrification.


Message History

You enter the shallow water.
Moving in this stuff is going to be slow.
A rat comes into view.
You hit the rat.
You kill the rat!
You enter the shallow water.
Moving in this stuff is going to be slow.
You see here a rat corpse.
The rat barely misses you.
You hit the rat.
You kill the rat!
You enter the shallow water.
Moving in this stuff is going to be slow.
You enter the shallow water.
Moving in this stuff is going to be slow.
You enter the shallow water.
Moving in this stuff is going to be slow.
You enter the shallow water.
Moving in this stuff is going to be slow.
You enter the shallow water.
Moving in this stuff is going to be slow.
You see here a rat corpse.
You open the door.
A hell rat comes into view.
The hell rat roars deafeningly!
Found six items.
Found a gate leading back out of this place.
You hit the hell rat but do no damage. The hell rat barely misses you. x2
You barely miss the hell rat.
The hell rat bites you but does no damage.
You completely miss the hell rat. The hell rat closely misses you.
The hell rat bites you!
You hit the hell rat but do no damage. The hell rat bites you!
* * * LOW HITPOINT WARNING * * *
You closely miss the hell rat. The hell rat barely misses you.
The hell rat misses you.
You hit the hell rat.
The hell rat is moderately wounded.
The hell rat bites you!
You die...

#########
###~.~..~~###
###~~~†.@~..~.###
#....~##r##~..~~#
##~.~###.~~###†~~##
#.~.## ~~~~~ ##.~~#
#..~# ~~~~~.~ #~.~#
#..~##~?????~##~~~#
##..~###!∩!###.~~##
#~.~~~#####.~...#
###~...†∩.~.~~###


You could see a hell rat.

Vanquished Creatures
  An adder (D:1)
  A worm (D:1)
  6 endoplasms
  7 giant cockroaches
  2 goblins (D:1)
  7 hobgoblins
  8 quokkas
  6 ball pythons
  3 bats
  3 kobolds
  8 rats
52 creatures vanquished.

Vanquished Creatures (others)
  11 plants (D:1)
11 creatures vanquished.

Grand Total: 63 creatures vanquished

Notes
Turn   | Place    | Note
-------+----------+-------------------------------------------
     0 | D:1      | jlumianski the Gargoyle Gladiator began the quest for the
                  | Orb.
     0 | D:1      | Reached XP level 1. HP: 12/12 MP: 1/1
    54 | D:1      | Reached skill level 3 in Axes
   294 | D:1      | Reached XP level 2. HP: 17/17 MP: 2/2
   616 | D:1      | Found a faded altar of an unknown god.
   726 | D:1      | Reached XP level 3. HP: 21/22 MP: 3/3
  1748 | D:3      | Found a glowing drain.
  1755 | D:2      | Reached XP level 4. HP: 27/27 MP: 4/4
  1909 | Sewer    | Entered a sewer
  2087 | Sewer    | Reached skill level 1 in Armour
  2136 | Sewer    | Slain by a hell rat

Illustrated notes

Levels and vault maps discovered:
D:1:      co_arrival_random_square_maze, layout_loops_ring,
          hellmonk_ecumenical_altar_inner_sanctum, serial_bayou_lake_a
D:2:      layout_loops_ring
D:3:      lemuel_castle_with_subvaults [lemuel_castle_interior_original],
          layout_basic, chequers_temple_overflow_statue_of_worship,
          portal_sewer_entry_f, amcnicky_mini_pool_small,
          uniq_crazy_yiuf_cottage
Sewer:    sewer_hellmonk_bad_rat

Skill      XL: |  1  2  3  4 |
---------------+-------------+-----
Axes           | 3 |  3.8
Armour         | 1 |  1.0
Fighting       | |  2.7
Throwing       | |  1.7
Dodging        | |  2.7
Stealth        | |  0.3

Action                   |  1- 3 |  4- 6 || total
-------------------------+-------+-------++-------
Melee: War axe           |   111 |    42 ||   153
       Punch             |     1 |       ||     1
 Stab: Sleeping          |     1 |       ||     1
Armor: Leather armour    |    43 |    22 ||    65
Dodge: Dodged            |    83 |    30 ||   113

Table legend: (Time is in decaauts)
 A = Elapsed time spent in this place.
 B = Non-inter-level travel time spent in this place.
 C = Inter-level travel time spent in this place.
 D = Time resting spent in this place.
 E = Time spent auto-exploring this place.
 F = Levels seen in this place.
 G = Mean time per level.
                   A        B        C        D        E       F      G
               +--------+--------+--------+--------+--------+-----+--------+
         Total |   2238 |   2217 |     21 |    564 |    959 |   4 |  559.5 |
       Dungeon |   1996 |   1975 |     21 |    416 |    948 |   3 |  665.3 |
         Sewer |    242 |    242 |      0 |    148 |     10 |   1 |  242.0 |
               +--------+--------+--------+--------+--------+-----+--------+

Top non-repeatable levels by time:
     D:1: 1338 daAuts
     D:2: 583 daAuts
   Sewer: 242 daAuts
     D:3: 74 daAuts
